Description

surprise them with mutas after 5 minutes of lings w/out banes

Replay - Abyssal Reef LE (6)

Build Order

Get SALT Encoding   

  12  0:04  Drone x2  
  14  0:16  Overlord  
  14  0:36  Drone x3  
  17  0:47  Drone  
  18  0:58  Hatchery  
  17  1:12  Spawning Pool  
  17  1:15  Drone x2, Extractor  
  16  1:22  Drone  
  18  1:30  Drone  
  19  1:41  Overlord  
  19  1:59  Queen  
  21  2:02  Zergling x2  
  22  2:12  Queen  
  22  2:14  Zergling x4  
  27  2:22  Zergling x2  
  28  2:25  Metabolic Boost  
  29  2:37  Extractor  
  28  2:48  Zergling x8  
  30  3:02  Lair  
  30  3:04  Overlord  
  38  3:33  Overlord  
  38  3:35  Zergling x4  
  41  3:46  Extractor  
  45  4:08  Spire  
  47  4:21  Queen  
  52  4:54  Overlord  
  52  5:20  Mutalisk x5  
  62  5:26  Extractor  
  61  5:40  Mutalisk  
  63  5:53  Hatchery  
  68  6:22  Mutalisk x4  
  76  6:45  Extractor x2  
Spawning Tool Build Advisor. Get it on Overwolf

Go to:

Details

  • Created by: kingdra91
  • Published on: Dec 22, 2017
  • Modified on: Dec 22, 2017
  • Patch: 4.0.0
Show
View Real Time Build Order
Export as new Build Order

Comments (0)

There are no comments. Be the first!

Create an account to comment!